 Dungeon Crawl Stone Soup version 0.23.2 (webtiles) character file.

Game seed: 1557893006711967447

61 Fang the Skirmisher (level 4, -7/43 HPs)
             Began as a Gargoyle Berserker on Apr 10, 2019.
             Was a Follower of Trog.
             Mangled by Sigmund
             ... wielding a +0 scythe
              (9 damage)
             ... on level 2 of the Dungeon.
             The game lasted 00:01:52 (1231 turns).

Fang the Skirmisher (Gargoyle Berserker)            Turns: 1231, Time: 00:01:52

Health: -7/43      AC:  5    Str: 26    XL:     4   Next: 7%
Magic:  4/4        EV: 12    Int:  8    God:    Trog [*.....]
Gold:   121        SH:  0    Dex:  9    Spells: 3/3 levels left

rFire    . . .     SeeInvis .   a - +0 hand axe
rCold    . . .     Gourm    .   (no shield)
rNeg     + . .     Faith    .   b - +0 animal skin
rPois    ∞         Spirit   .   (no helmet)
rElec    +         Reflect  .   (no cloak)
rCorr    +         Harm     .   (no gloves)
MR       .....                  (no boots)
Stlth    ..........             (no amulet)
HPRegen  0.14/turn              d - ring of resist corrosion
MPRegen  0.09/turn              (no ring)

@: berserking (expiring), very quick
A: negative energy resistance 1, electricity resistance, unbreathing,
petrification resistance, rot immunity, AC +3
a: Berserk, Renounce Religion


You were on level 2 of the Dungeon.
You worshipped Trog.
Trog was aware of your devotion.
You were hungry.

You visited 1 branch of the dungeon, and saw 2 of its levels.

You collected 121 gold pieces.

Inventory:

Hand Weapons
 a - a +0 hand axe (weapon)
Armour
 b - a +0 animal skin (worn)
Jewellery
 d - a ring of resist corrosion (left hand)
Wands
 o - a wand of acid (12)
Scrolls
 e - a scroll of teleportation {unknown}
 h - a scroll of enchant weapon {unknown}
 i - a scroll of identify {unknown}
 m - 2 scrolls of remove curse {unknown}
 n - a scroll of enchant armour {unknown}
Potions
 f - a potion of curing {unknown}
 g - a potion of degeneration {unknown}
 j - 2 potions of haste {unknown}
 l - 2 potions of ambrosia {unknown}
Comestibles
 c - 2 rations
 k - 6 chunks of flesh


   Skills:
 + Level 3.9 Fighting
 + Level 3.1 Axes
 + Level 3.0 Armour
 + Level 2.2 Dodging


You had 3 spell levels left.
You didn't know any spells.
Your spell library was empty.

Dungeon Overview and Level Annotations

Branches:
Dungeon (2/15)

Altars:

Annotations:
D:2 Sigmund


Innate Abilities, Weirdness & Mutations

You are resistant to torment.
Your stone body is resilient. (AC +3)
You are immune to poison.
You resist negative energy. (rN+)
You are resistant to electric shocks. (rElec)
You can survive without breathing.
You are immune to petrification.
You are immune to rotting.


Message History

You closely miss something. You barely miss something. Something hits you!
The goblin shoots a stone.
The stone hits you but does no damage.
You miss something.
The goblin shoots a stone.
The stone closely misses you.
You miss something. Something hits you.
* * * LOW HITPOINT WARNING * * *
Found a sapphire potion.
You see here a +0 club.
You miss something. You closely miss the goblin. The bat barely misses you.
Something hits you!
* * * LOW HITPOINT WARNING * * *
You barely miss something. You closely miss the bat.
You closely miss the goblin. The bat barely misses you.
The goblin unwields a +0 hunting sling.
The goblin wields a +0 dagger.
The goblin misses you.
You miss something. You hit the goblin.
You kill the goblin!
Trog accepts your kill. Something hits you!
You die...

##........#. .......
##........... #......
............ #.#...#
#..###..###[ #.....#
#..# #..# #. #......
#..###..###. .##.....#
#....<...###
!......{######.#.#......
#@((...........###
#...)b.......#.#.....'
.....................###
###.....####.....#...# .
#.###.# ##..#.#...# .
... #.# #........# . ###
#.# .[.......# ...
...#.##.


You could see a bat.

Vanquished Creatures
  A hound (D:2)
  A gnoll (D:1)
  2 giant cockroaches
  4 hobgoblins (D:2)
  3 jackals (D:1)
  2 quokkas (D:2)
  3 bats
  2 frilled lizards
  2 goblins (D:2)
  3 kobolds
23 creatures vanquished.

Notes
Turn   | Place    | Note
-------+----------+-------------------------------------------
     0 | D:1      | Fang the Gargoyle Berserker began the quest for the Orb.
     0 | D:1      | Reached XP level 1. HP: 14/14 MP: 1/1
   501 | D:1      | Reached XP level 2. HP: 19/19 MP: 2/2
  1101 | D:2      | Reached XP level 3. HP: 18/23 MP: 3/3
  1192 | D:2      | Reached XP level 4. HP: 22/29 MP: 4/4
  1211 | D:2      | Noticed Sigmund
  1229 | D:2      | HP: 2/43 [something (10)]
  1231 | D:2      | Mangled by Sigmund

Skill      XL: |  1  2  3  4 |
---------------+-------------+-----
Axes           | 3 |  3.1
Dodging        | 2 |  2.2
Armour         | 3 |  3.0
Fighting       | |  3.9

Action                   |  1- 3 |  4- 6 || total
-------------------------+-------+-------++-------
Melee: Hand axe          |    62 |    18 ||    80
Invok: Berserk           |     1 |     1 ||     2
  Eat: Chunk             |     2 |       ||     2
Armor: Animal skin       |    30 |     3 ||    33
Dodge: Dodged            |    59 |    11 ||    70
